 Dungeon Crawl Stone Soup version 0.25.1-2-g60ff931df9 (webtiles) character file.

Game seed: 18107442325715410954

305 Martska the Skirmisher (level 6, -5/66 HPs)
             Began as an Ogre Hunter on Oct 17, 2020.
             Killed from afar by an orc wizard (7 damage)
             ... with a magic dart
             ... on level 3 of the Dungeon.
             The game lasted 00:05:08 (5254 turns).

Martska the Skirmisher (Ogre Hunter)                Turns: 5254, Time: 00:05:09

Health: -5/66      AC:  3    Str: 19    XL:     6   Next: 39%
Magic:  6/6        EV: 10    Int: 12    God:
Gold:   160        SH:  0    Dex:  9    Spells: 5/5 levels left

rFire    . . .     SeeInvis .   m - +0 whip
rCold    . . .     Gourm    .   (no shield)
rNeg     . . .     Faith    .   b - +0 robe
rPois    .         Spirit   .   (helmet restricted)
rElec    .         Reflect  .   (no cloak)
rCorr    .         Harm     .   (gloves unavailable)
MR       .....                  (boots unavailable)
Stlth    +.........             (no amulet)
HPRegen  0.21/turn              (no ring)
MPRegen  0.10/turn              (no ring)

@: no status effects
A: large, unfitting armour, tough skin 1
a: no special abilities


You were on level 3 of the Dungeon.
You were not hungry.

You visited 1 branch of the dungeon, and saw 3 of its levels.

You collected 160 gold pieces.

Inventory:

Hand Weapons
 a - a +0 short sword
 c - a +3 spear
 g - a +0 club
 m - a +0 whip (weapon)
Missiles
 d - 2 throwing nets (quivered)
 s - 5 poisoned darts
Armour
 b - a +0 robe (worn)
Jewellery
 o - a +4 ring of evasion {unknown}
Wands
 v - a wand of digging (6)
Scrolls
 e - a scroll of remove curse {unknown}
 h - 4 scrolls of identify {unknown}
 l - 3 scrolls of teleportation {unknown}
 p - a scroll of magic mapping {unknown}
Potions
 i - a potion of lignification {unknown}
 j - a potion of resistance {unknown}
 k - a potion of flight {unknown}
 n - 3 potions of curing {unknown}
 t - a potion of heal wounds {unknown}
 u - a potion of stabbing {unknown}
Comestibles
 f - 5 rations
 q - 2 chunks of flesh


   Skills:
 * Level 5.4 Fighting
 * Level 2.8 Maces & Flails
 * Level 5.4 Throwing
 - Level 2.0 Dodging
 - Level 0.6 Stealth


You had 5 spell levels left.
You didn't know any spells.
Your spell library was empty.

Dungeon Overview and Level Annotations

Branches:
Dungeon (3/15)

Altars:


Innate Abilities, Weirdness & Mutations

You are too large for most types of armour.
You have tough skin. (AC +1)


Message History

You closely miss something. Something hits you but does no damage.
You closely miss something.
You hear some strange, mumbled words.
A puff of frost appears from out of thin air!
The puff of frost hits you!
* * * LOW HITPOINT WARNING * * *
Something hits you but does no damage.
You miss something.
You hear some strange, mumbled words.
A magic dart appears from out of thin air!
The magic dart hits you!
* * * LOW HITPOINT WARNING * * *
Something hits you.
* * * LOW HITPOINT WARNING * * *
You see here a bat corpse.
You hit something but do no damage.
You hear some strange, mumbled words.
A magic dart appears from out of thin air!
The magic dart hits you!
You die...

...#.........#..............
.............#.....#........
###...........##.####......
##...........#.####......
#.#...##................
##.#####............###..
...###.....##......#####......
...........##....### ######.
#(..(l{@..## ## #.)...(######
..........# ...####....# ##
######


You could see a frilled lizard.

Vanquished Creatures
  A bullfrog (D:3)
  A worker ant (D:3)
  7 adders
  3 gnolls
  4 oozes
  An adder skeleton (D:3)
  3 worms
  2 dart slugs
  5 leopard geckos
  6 orcs (D:3)
  6 giant cockroaches
  5 hobgoblins
  8 jackals
  8 kobolds
  A quokka (D:3)
  9 bats
  5 frilled lizards
  10 goblins
  5 rats
90 creatures vanquished.

Notes
Turn   | Place    | Note
-------+----------+-------------------------------------------
     0 | D:1      | Martska the Ogre Hunter began the quest for the Orb.
     0 | D:1      | Reached XP level 1. HP: 22/22 MP: 1/1
     2 | D:1      | Noticed a spriggan
     2 | D:1      | Noticed a vampire
     5 | D:1      | Noticed a halfling
     7 | D:1      | Noticed a naga
     7 | D:1      | Noticed an elf
     9 | D:1      | Noticed a centaur
     9 | D:1      | Noticed a minotaur
    11 | D:1      | Noticed a tengu
    11 | D:1      | Noticed a ghoul
    13 | D:1      | Noticed a merfolk
    13 | D:1      | Noticed a draconian
    15 | D:1      | Noticed a troll
    17 | D:1      | Noticed an octopode
    17 | D:1      | Noticed a human
    19 | D:1      | Noticed a demonspawn
    19 | D:1      | Noticed a demigod
    21 | D:1      | Noticed a vine stalker
    21 | D:1      | Noticed a formicid
    23 | D:1      | Noticed a dwarf
    25 | D:1      | Noticed an ogre
    25 | D:1      | Noticed a gargoyle
    27 | D:1      | Noticed a felid
   159 | D:1      | Reached XP level 2. HP: 13/31 MP: 2/2
   167 | D:1      | HP: 1/31 [kobold/+0 short sword (4)]
   940 | D:1      | Reached XP level 3. HP: 12/37 MP: 3/3
  1579 | D:2      | Reached skill level 1 in Maces & Flails
  1758 | D:2      | Reached XP level 4. HP: 33/48 MP: 4/4
  2698 | D:2      | HP: 2/48 [poisoned by an adder]
  3406 | D:2      | Reached XP level 5. HP: 32/55 MP: 5/5
  3876 | D:3      | Reached skill level 5 in Throwing
  4481 | D:3      | Reached skill level 5 in Fighting
  4653 | D:3      | Reached XP level 6. HP: 25/66 MP: 6/6
  5252 | D:3      | HP: 3/66 [something/magic dart (8)]
  5254 | D:3      | Killed from afar by an orc wizard

Illustrated notes

Levels and vault maps discovered:
D:1:      kb_arrival_jail, layout_rooms
D:2:      layout_loops_corners, first_ration, nrook_mini_vaults
D:3:      minmay_bubble_buster, layout_rooms, minmay_three_crescents,
          uniq_crazy_yiuf_cottage

Skill      XL: |  1  2  3  4  5 |
---------------+----------------+-----
Fighting       | 3 4 5 |  5.4
Dodging        | 2 |  2.0
Maces & Flails | 1 2 |  2.8
Throwing       | 5 |  5.4
Stealth        | |  0.6

Action                   |  1- 3 |  4- 6 || total
-------------------------+-------+-------++-------
Melee: Short sword       |   132 |    18 ||   150
       Whip              |       |   275 ||   275
Throw: Large rock        |     1 |    22 ||    23
       Throwing net      |       |     1 ||     1
 Stab: Sleeping          |       |     4 ||     4
  Eat: Chunk             |     3 |     8 ||    11
       Ration            |       |     1 ||     1
Armor: Robe              |    45 |    85 ||   130
Dodge: Dodged            |   101 |   194 ||   295
